Map: Interloper LE

Players

Rogue

  • Race: Zerg Zerg
  • Spawn Location: 5:00

TYTY (TY) - Winner!

  • Race: Terran Terran
  • Spawn Location: 11:00

Event: 2017 WCS Global Finals

VOD

Have the link to the VOD?

Description

Time

  • Played on: Nov. 4, 2017, 4:13 p.m.
  • Length: 8:05

All games in this series

Show
View Real Time Build Order
Export as new Build Order

Rogue Zerg 

Build Orders: Hatch First 

Get SALT Encoding   

  12  0:00  Drone  
  13  0:12  Overlord  
  13  0:17  Drone  
  14  0:30  Drone x2  
  14  0:34  Drone  
  17  0:51  Hatchery  
  17  0:54  Drone  
  17  0:57  Drone  
  18  1:07  Extractor  
  17  1:12  Spawning Pool  
  17  1:15  Drone  
  17  1:18  Drone  
  18  1:28  Drone  
  19  1:37  Overlord  
  19  1:59  Queen, Zergling x2  
  19  2:00  Zergling x2  
  23  2:03  Queen  
  23  2:04  Zergling x2  
  23  2:06  Metabolic Boost  
  26  2:10  Drone  
  28  2:15  Drone  
  28  2:21  Drone  
  29  2:25  Drone  
  30  2:34  Drone  
  30  2:36  Drone  
  32  2:37  Spore Crawler  
  32  2:39  Queen  
  34  2:46  Pneumatized Carapace  
  34  2:47  Overlord  
  34  2:50  Drone  
  35  2:54  Drone  
  36  3:11  Drone x5  
  36  3:12  Drone x3  
  44  3:17  Overlord  
  44  3:33  Hatchery  
  44  3:34  Drone  
  44  3:36  Drone x3  
  44  3:39  Drone  
  48  3:45  Queen  
  50  3:50  Queen  
  50  3:52  Evolution Chamber  
  51  3:56  Overlord  
  51  3:58  Zergling x2  
  52  4:04  Spore Crawler  
  52  4:06  Drone  
  52  4:09  Spore Crawler  
  51  4:11  Drone  
  51  4:14  Overlord x2  
  51  4:16  Drone x4  
  56  4:22  Queen  
  58  4:28  Overlord  
  58  4:36  Baneling Nest  
  58  4:37  Zergling x8  
  61  4:43  Zergling x4  
  61  4:44  Queen  
  65  4:49  Drone x3  
  68  4:53  Drone x2  
  68  4:58  Overlord  
  69  5:01  Drone x3  
  69  5:03  Lair  
  72  5:08  Drone  
  72  5:11  Overlord  
  73  5:18  Overlord  
  73  5:21  Drone  
  73  5:23  Overlord, Drone x3  
  73  5:25  Overlord  
  75  5:29  Overlord  
  75  5:30  Queen  
  75  5:32  Zerg Ground Armor Level 1  
  75  5:35  Queen  
  79  5:37  Extractor  
  79  5:42  Extractor  
  72  5:43  Zergling x10  
  72  5:44  Zergling x2  
  72  5:47  Zergling x2  
  73  5:51  Extractor, Drone  
  73  5:56  Drone x2  
  75  6:04  Drone x6  
  76  6:05  Drone  
  76  6:06  Drone  
  76  6:07  Queen, Drone  
  76  6:08  Extractor  
  85  6:12  Drone x2  
  85  6:14  Centrifical Hooks  
  85  6:16  Evolution Chamber  
  85  6:17  Drone  
  87  6:21  Drone x2  
  89  6:28  Baneling x6  
  89  6:29  Baneling x2  
  89  6:31  Drone  
  90  6:35  Hatchery  
  90  6:36  Spore Crawler, Zergling x4  
  90  6:39  Zergling x8  
  94  6:42  Overlord  
  95  6:47  Zergling x8  
  95  6:49  Overlord  
  95  6:53  Zergling x6  
  97  7:07  Zergling x2  
  85  7:12  Zergling x10  
  85  7:13  Queen, Zergling x6  
  91  7:16  Queen  
  91  7:18  Zergling x10  
  91  7:19  Zergling x2  
  90  7:25  Zergling x4  
  90  7:26  Zergling x2  
  90  7:27  Queen  
  83  7:37  Zergling x4  
  83  7:39  Zergling x2  
  83  7:41  Baneling x4  
  83  7:45  Zergling x2  
  83  7:47  Zergling x2  
Show
View Real Time Build Order
Export as new Build Order

TYTY Terran - Winner!

Build Orders: Reaper Expand, MMM Bio 

Get SALT Encoding   

  12  0:00  SCV  
  13  0:12  SCV  
  14  0:17  Supply Depot  
  14  0:24  SCV  
  15  0:38  SCV  
  15  0:39  Barracks  
  16  0:43  Refinery  
  16  0:50  SCV  
  17  1:02  SCV  
  18  1:15  SCV  
  19  1:26  Reaper  
  19  1:27  Orbital Command  
  20  1:39  Command Center  
  20  1:50  Supply Depot  
  20  1:53  SCV  
  21  1:58  Marine  
  22  2:03  Factory  
  22  2:07  SCV  
  23  2:12  Refinery  
  23  2:19  SCV  
  23  2:20  Barracks Reactor  
  24  2:31  SCV  
  25  2:43  SCV  
  26  2:52  Starport  
  26  2:55  SCV  
  26  2:58  Orbital Command  
  26  3:00  Hellion x2  
  26  3:02  Barracks Tech Lab  
  30  3:08  SCV  
  31  3:21  Hellion x2  
  31  3:22  SCV  
  31  3:25  SCV  
  37  3:34  Viking, SCV  
  38  3:37  SCV  
  41  3:41  Barracks Tech Lab  
  41  3:46  Supply Depot, SCV  
  42  3:49  SCV  
  43  3:58  SCV  
  43  4:00  Command Center  
  43  4:01  Stimpack, SCV  
  45  4:04  Marine  
  45  4:08  Raven  
  48  4:10  SCV  
  48  4:13  Supply Depot, SCV  
  50  4:22  SCV, Marine  
  52  4:25  SCV  
  52  4:29  Factory Reactor  
  53  4:31  Barracks  
  53  4:34  SCV  
  53  4:35  Barracks  
  53  4:37  SCV  
  55  4:40  Marine  
  56  4:46  SCV  
  56  4:47  Engineering Bay  
  56  4:48  Refinery  
  56  4:50  SCV  
  56  4:51  Engineering Bay  
  58  4:58  Marine  
  59  5:00  SCV  
  59  5:02  SCV  
  59  5:03  Refinery  
  61  5:10  Starport Reactor  
  61  5:15  Marine  
  61  5:16  SCV  
  61  5:18  Hellion x2, Marine x2  
  67  5:25  SCV  
  67  5:27  Marine  
  69  5:29  Orbital Command  
  69  5:31  Terran Infantry Weapons Level 1, Terran Infantry Armor Level 1  
  69  5:32  SCV  
  69  5:33  Marine  
  71  5:36  Marine x2  
  75  5:46  SCV  
  77  5:51  SCV, Marine  
  77  5:52  Medivac x2, Supply Depot  
  77  5:54  Marine  
  77  5:56  Armory  
  79  5:57  SCV  
  79  5:58  SCV  
  79  6:03  SCV, Marine x3  
  85  6:04  Combat Shields  
  85  6:13  Supply Depot, SCV x2  
  85  6:14  Marine x2  
  85  6:16  SCV  
  90  6:21  Marine  
  90  6:23  Supply Depot  
  91  6:25  SCV x2  
  91  6:26  Missile Turret  
  93  6:34  Medivac x2, Marine x3  
  93  6:36  Supply Depot  
  101  6:43  Marine  
  101  6:44  Siege Tank, Marine  
  105  6:49  Barracks  
  105  6:50  Barracks  
  105  6:56  SCV x2  
  104  7:02  Marine x5  
  104  7:04  SCV  
  99  7:08  Medivac x2, SCV  
  99  7:09  SCV  
  104  7:16  SCV, Siege Tank  
  104  7:20  SCV, Marine x3  
  104  7:21  SCV  
  111  7:28  Barracks, SCV  
  112  7:31  Barracks x2  
  112  7:32  SCV  
  112  7:34  Marine x2  
  112  7:38  SCV, Marine x2  
  112  7:40  SCV  
  112  7:42  Refinery  
  114  7:45  SCV  
  114  7:46  Marine  
  116  7:56  Supply Depot x2  
  116  7:57  Supply Depot  
Tags
 
Add a new tag
Caveats
  • Supply blocks, unpowered buildings, or Contaminate may cause inaccurate times.
  • Supply counts are checked every 10 seconds.